 Dungeon Crawl Stone Soup version 0.29.1-1-gd02db6906a (webtiles) character file.

Game seed: 12761661914572796818

2350 112233 the Gusty (level 9, -3/62 HPs)
             Began as an Octopode Air Elementalist on Oct 11, 2022.
             Slain by a shadow (10 damage)
             ... on level 6 of the Dungeon.
             The game lasted 00:06:16 (7661 turns).

112233 the Gusty (Octopode Air Elementalist)        Turns: 7661, Time: 00:06:17

Health: -3/62      AC:  1    Str:  5 (7)  XL:     9   Next: 43%
Magic:  26/26      EV: 16    Int: 21 (22) God:
Gold:   374        SH:  0    Dex: 18 (20) Spells: 18/19 levels left

rFire   . . .      SeeInvis .   o - +4 mace of Law {vamp, rPois Dex+2}
rCold   . . .      Faith    .   (no shield)
rNeg    . . .      Spirit   .   (helmet restricted)
rPois   +          Reflect  .   (no amulet)
rElec   .          Harm     .   l - ring of magical power
rCorr   .          Rampage  .   r - ring of willpower
Will    +....                   v - +6 ring of dexterity
Stlth   ++++......              u - ring of flight
HPRegen 0.20/turn               (no ring)
MPRegen 0.20/turn               (no ring)
                                (no ring)
                                (no ring)

@: flying
A: almost no armour, amphibious, 8 rings, camouflage 1, gelatinous body 1,
(nimble swimmer 1), tentacles
a: no special abilities


You were on level 6 of the Dungeon.
You visited 1 branch of the dungeon, and saw 6 of its levels.

You collected 374 gold pieces.

Inventory:

Hand Weapons
 e - a +0 hand axe
 g - a +0 hand axe of electrocution
 m - the +6 short sword "Doucw" {freeze, +Blink rElec rN+ Int-4}
   (You found it on level 2 of the Dungeon)

   It freezes those it strikes, dealing additional cold damage.
   It can also slow down cold-blooded creatures.
   Int:       It affects your intelligence (-4).
   rElec:     It insulates you from electricity.
   rN:        It protects you from negative energy.
   +Blink:    It lets you blink.
 o - the +4 mace of Law (weapon) {vamp, rPois Dex+2}
   (You found it on level 2 of the Dungeon)

   It occasionally heals its wielder for a portion of the damage dealt when it
   wounds a living foe.
   Dex:       It affects your dexterity (+2).
   rPois:     It protects you from poison.
 A - the +7 trident of Maobrecu {drain, *Slow Str+2 Int+2}
   (You found it on level 6 of the Dungeon)

   A truly terrible weapon, it drains the life of any living foe it strikes.
   Str:       It affects your strength (+2).
   Int:       It affects your intelligence (+2).
   *Slow:     It may slow you when you take damage.
Missiles
 d - 4 boomerangs
 f - 4 javelins
 x - 24 poisoned darts
 C - 2 atropa-tipped darts
Jewellery
 l - a ring of magical power (left tentacle)
 r - a ring of willpower (right tentacle)
 u - a ring of flight (on tentacle)
 v - a +6 ring of dexterity (on tentacle)
Scrolls
 b - 2 scrolls of vulnerability {unknown}
 c - 3 scrolls of enchant armour {unknown}
 h - 2 scrolls of amnesia {unknown}
 j - 2 scrolls of magic mapping {unknown}
 k - a scroll of teleportation
 n - 4 scrolls of identify
 p - a scroll of poison {unknown}
 q - 3 scrolls of immolation {unknown}
 t - 3 scrolls of noise {unknown}
 y - a scroll of butterflies {unknown}
Potions
 a - a potion of magic
 i - a potion of flight
 s - a potion of resistance {unknown}
 w - a potion of might
 z - a potion of degeneration
 B - a potion of attraction


   Skills:
 + Level 5.8 Fighting
 + Level 6.4 Dodging
 - Level 3.2 Stealth
 + Level 5.9 Spellcasting
 - Level 1.4 Conjurations
 + Level 6.8 Air Magic


You had 18 spell levels left.
You knew the following spells:

 Your Spells              Type           Power      Damage    Failure   Level
a - Shock                 Conj/Air       92%        1d8       1%          1

Your spell library contained the following spells:

 Spells                   Type           Power      Damage    Failure   Level
 Swiftness                Air            35%        N/A       1%          3
 Static Discharge         Conj/Air       23%        3-6/arc   2%          2
 Airstrike                Air            17%        2d(3-19)  6%          4
 Freeze                   Ice            24%        1d5       10%         1
 Necrotise                Necr           24%        1d5       10%         1
 Mephitic Cloud           Conj/Pois/Air  17%        N/A       10%         3
 Ensorcelled Hibernation  Hex/Ice        12%        N/A       16%         2
 Passwall                 Tmut/Erth      5%         N/A       16%         2
 Frozen Ramparts          Ice            12%        1d2       30%         3
 Ignite Poison            Fire/Tmut/Pois 6%         N/A       30%         3
 Vampiric Draining        Necr           6%         2d6       30%         3
 Hailstorm                Conj/Ice       9%         3d4       58%         4
 Freezing Cloud           Conj/Ice/Air   8%         6-21      65%         5
 Agony                    Necr           6%         N/A       95%         5


Dungeon Overview and Level Annotations

Branches:
Dungeon (6/15)
 Temple: D:4-7

Altars:
Yredelemnul

Shops:
D:1 [   D:5 (

Annotations:
D:1 1 runed translucent door


Innate Abilities, Weirdness & Mutations

You cannot wear most types of armour.
You are amphibious.
You can wear up to eight rings at the same time.
Your skin changes colour to match your surroundings (Stealth+).
Your rubbery body absorbs attacks. (AC +1, EV +1)
((You are camouflaged when in or above water. (Stealth+)))
You have tentacles for arms and can constrict up to eight enemies at once.


Message History

You hit the shadow but do no damage. Your squeeze misses the shadow.
The shadow is lightly damaged.
The shadow closely misses you. The shadow hits you!
You hit the shadow. You squeeze the shadow.
The shadow is moderately damaged.
The shadow hits you!
You sock the shadow!
The shadow is severely damaged.
The shadow completely misses you. The shadow barely misses you.
You hit the shadow.
You squeeze the shadow, but do no damage.
The shadow is severely damaged.
The shadow barely misses you.
You hit the shadow.
You squeeze the shadow, but do no damage.
The shadow is almost destroyed.
The shadow hits you.
You closely miss the shadow.
The shadow is almost destroyed.
The shadow hits you!
The shadow slips into darkness.
The shadow flickers and vanishes!
Deactivating autopickup; reactivate with Ctrl-A.
You are too injured to fight recklessly!
You are too injured to fight recklessly!
You are too injured to fight recklessly!
You hit something but do no damage. You squeeze something.
The shadow strikes at you from the darkness!
* * * LOW HITPOINT WARNING * * *
Reactivating autopickup.
You closely miss the shadow.
You squeeze the shadow, but do no damage.
The shadow is almost destroyed.
The shadow barely misses you. The shadow hits you!
* * * LOW HITPOINT WARNING * * *
You barely miss the shadow.
You squeeze the shadow, but do no damage.
The shadow is almost destroyed.
The shadow hits you!
You die...

###........'.........'...........
#.#...####.........####...#.#.#
#.##.## ##.......## ##<.#.#.#
###.#### ##.....## ##...#.#
.......# ##...## #..##.# ###....#
##'## #..##.# ####...# #.#
#..##.# ......##
#.##########.....# ####...#####
##@............#### #.>.....#
##.)W############ #...###.#
#.....# ##### #.####....#
#.........# #######...# #.### #.#
#)#


You could see a shadow.

Vanquished Creatures
  Pikel (D:6)
  A kobold demonologist (D:6)
  Grinder (D:6)
  An acid dragon (D:6)
  Edmund (D:4)
  An ice beast (D:6)
  2 kobold brigands (D:4)
  2 necrophages (D:5)
  4 scorpions
  3 wights (D:6)
  A howler monkey (D:6)
  A gnoll bouda (D:6)
  2 orc priests
  Jessica (D:2)
  2 iguanas
  4 orc wizards
  5 adders
  3 gnolls (D:6)
  A worm (D:2)
  5 dart slugs
  7 orcs
  2 bats
  5 endoplasms
  2 giant cockroaches
  3 hobgoblins
  2 jackals (D:4)
  A quokka (D:5)
  11 ball pythons
  4 frilled lizards
  11 goblins
  9 kobolds
  6 rats
105 creatures vanquished.

Notes
Turn   | Place    | Note
-------+----------+-------------------------------------------
     0 | D:1      | 112233 the Octopode Air Elementalist began the quest for
                  | the Orb.
     0 | D:1      | Reached XP level 1. HP: 11/11 MP: 3/3
     2 | D:1      | Found a runed translucent door.
   476 | D:1      | Reached XP level 2. HP: 17/17 MP: 0/5
   692 | D:1      | Found Noozieh's Antique Armour Shoppe.
  1444 | D:2      | Identified the +6 short sword "Doucw" {freeze, +Blink rElec
                  | rN+ Int-4}
  1583 | D:2      | You fall into a shaft and drop 2 floors!
  1679 | D:4      | Reached XP level 3. HP: 21/21 MP: 6/6
  1778 | D:4      | Noticed Edmund
  1788 | D:4      | Killed Edmund
  1789 | D:4      | Reached skill level 1 in Fighting
  1789 | D:4      | Reached XP level 4. HP: 21/29 MP: 8/8
  1789 | D:4      | Reached XP level 5. HP: 25/34 MP: 9/9
  2511 | D:4      | Noticed a kobold brigand
  2512 | D:4      | Noticed a kobold brigand
  2869 | D:2      | Reached XP level 6. HP: 18/39 MP: 10/10
  3034 | D:2      | Noticed Jessica
  3041 | D:2      | Killed Jessica
  3056 | D:2      | Identified the +4 mace of Law {vamp, rPois Dex+2}
  3177 | D:2      | Found a faded altar of an unknown god.
  4217 | D:4      | Reached XP level 7. HP: 29/45 MP: 12/12
  4961 | D:5      | Entered Level 5 of the Dungeon
  5106 | D:5      | Found Baxkiuca's Antique Weapon Shoppe.
  5111 | D:5      | Reached skill level 5 in Air Magic
  5804 | D:6      | Noticed Pikel
  5810 | D:6      | Killed Pikel
  5811 | D:6      | Reached skill level 5 in Dodging
  5811 | D:6      | Reached XP level 8. HP: 16/54 MP: 15/15
  5814 | D:6      | Found a basalt altar of Yredelemnul.
  6111 | D:6      | Noticed Grinder
  6116 | D:6      | Killed Grinder
  6117 | D:6      | Reached skill level 5 in Spellcasting
  6224 | D:6      | Identified the +7 trident of Maobrecu {drain, *Slow Str+2
                  | Int+2}
  6267 | D:6      | Noticed a shadow
  6274 | D:6      | Reached skill level 5 in Fighting
  6276 | D:6      | Noticed a kobold demonologist
  6283 | D:6      | Killed a kobold demonologist
  6284 | D:6      | Reached XP level 9. HP: 61/61 MP: 17/17
  6316 | D:6      | HP: 3/61 [something (22)]
  7661 | D:6      | Slain by a shadow

Illustrated notes

Levels and vault maps discovered:
D:1:      dpeg_arrival_caged_fury, layout_basic, serial_shops, shop_fountains,
          solitary_fountain, minmay_shallow_snake_nest
D:2:      layout_rooms, serial_glass, glass_columns_b, glass_columns_b,
          chequers_ecumenical_altar_grove, uniq_jessica
D:3:      layout_rooms, kennysheep_crisscross
D:4:      cheibrodos_thug_alley, layout_loops_ring, minmay_goblin_outpost,
          uniq_edmund
D:5:      layout_loops_ring, serial_shops, nicolae_shop_trees
D:6:      minmay_chambers_of_sixes, layout_loops_corners,
          yredelemnul_altar_generic, hangedman_decor_points,
          nicolae_lava_and_water, uniq_pikel, uniq_grinder

Skill      XL: |  1  2  3  4  5  6  7  8 |
---------------+-------------------------+-----
Stealth        | 3 |  3.2
Fighting       | 1 2 4 5 |  5.8
Dodging        | 3 5 6 |  6.4
Spellcasting   | 3 4 5 |  5.9
Air Magic      | 4 5 6 |  6.8
Conjurations   | |  1.4

Action                   |  1- 3 |  4- 6 |  7- 9 || total
-------------------------+-------+-------+-------++-------
Melee: Hand axe          |     6 |       |       ||     6
       Constrict         |     4 |    20 |    22 ||    46
       Short sword       |    14 |    71 |       ||    85
       Tentacles         |     4 |    13 |    44 ||    61
       Punch             |       |     1 |     4 ||     5
       Mace              |       |    43 |   111 ||   154
 Cast: Shock             |    32 |       |       ||    32
  Use: Potion            |     1 |     3 |     8 ||    12
       Scroll            |       |       |     2 ||     2
 Stab: Sleeping          |     1 |     9 |     5 ||    15
Armor: Skin              |       |    35 |       ||    35
Dodge: Dodged            |    12 |    56 |    96 ||   164
